 Dungeon Sprint DCSS version 0.30.1-4-g462c640d31 (webtiles) character file.

Game seed: 5262570262076505466

17126 Heoruswealwe the Ninja (level 12, 0/68 HPs)
             Began as a Spriggan Artificer on Aug 31, 2023.
             Was an Initiate of Gozag.
             Slain by a daeva
             ... wielding a +5 eudemon blade of holy wrath
              (24 damage)
             ... in the Dungeon (Sprint I: "Red Sonja").
             The game lasted 00:56:28 (2307 turns).

Heoruswealwe the Ninja (Spriggan Artificer)         Turns: 2307, Time: 00:56:29

Health: 0/68       AC:  6    Str: 12    XL:     12   Next: 16%
Magic:  13/13      EV: 34    Int: 15    God:    Gozag
Gold:   231        SH:  0    Dex: 21    Spells: 11/11 levels left

rFire   . . .        a - +4 rapier (venom)
rCold   . . .        (no shield)
rNeg    + . .        c - +1 steam dragon scales
rPois   +            (helmet restricted)
rElec   .            (no cloak)
rCorr   .            (gloves unavailable)
SInv    +            (boots unavailable)
Will    ++...        i - amulet of the acrobat
Stlth   ++++         k - ring "Copraruu" {rN+ Str+4 Int+3}
HPRegen 0.31/turn    j - ring of poison resistance
MPRegen 0.13/turn

%: no teleportation, acrobat
@: mighty, hasted, glowing, studying 3 skills, very quick
A: very small, no large weapons, unfitting armour, see invisible, speed 3
a: Renounce Religion, Potion Petition, Call Merchant, Bribe Branch


You were in the Dungeon.
You worshipped Gozag.
Gozag was aware of your devotion.
You visited 1 branch You collected 8188 gold pieces.
You spent 7226 gold pieces at shops.
You donated 35 gold pieces to Zin.
You paid 696 gold pieces to Gozag.

Inventory:

Hand Weapons
 a - a +4 rapier of venom (weapon)
Armour
 c - +1 steam dragon scales (worn)
 v - the +0 robe of Dishonesty {rF+ rC++}
   (You bought it in a shop in the Dungeon)

   rF:        It protects you from fire.
   rC:        It greatly protects you from cold.
Jewellery
 i - an amulet of the acrobat (around neck)
 j - a ring of poison resistance (right hand)
 k - the ring "Copraruu" (left hand) {rN+ Str+4 Int+3}
   (You bought it in a shop in the Dungeon)

   [ring of positive energy]

   Str:       It affects your strength (+4).
   Int:       It affects your intelligence (+3).
   rN:        It protects you from negative energy.
 p - a ring of flight
 r - a ring of protection from fire
Wands
 b - a wand of flame (2) (quivered)
 d - a wand of charming (15)
 h - a wand of digging (1)
 n - a wand of polymorph (10)
Potions
 e - a potion of ambrosia
 f - 8 potions of curing
 l - 2 potions of mutation
 q - 2 potions of cancellation
 s - a potion of resistance
 t - 2 potions of haste


   Skills:
 + Level 10.3 Fighting
 + Level 13.2 Short Blades
 + Level 18.2 Dodging
 O Level 27 Stealth
 * Level 19.6 Evocations


You had 11 spell levels left.
You didn't know any spells.
Your spell library contained the following spells:

 Spells                   Type           Power      Damage    Failure   Level
 Tukima's Dance           Hex            0%         N/A       63%         3
 Passage of Golubria      Tloc           0%         N/A       95%         4
 Yara's Violent Unravell  Hex/Tmut       0%         3d3       100%        5


Dungeon Overview and Level Annotations

Branches:
Dungeon (1/1)

Altars:
Cheibriados
Dithmenos
Elyvilon
Fedhas
Gozag
Hepliaklqana
Kikubaaqudgha
Makhleb
Nemelex Xobeh
Okawaru
Qazlal
Ru
Sif Muna
Trog
Uskayaw
Vehumet
Wu Jian
Xom
Yredelemnul
Zin
The Shining One
Jiyva
Lugonu

Shops:
D ?!:[!*=:[:[([*[=[[(*!


Innate Abilities, Weirdness & Mutations

You are very small and have problems with some larger weapons.
You are too small for most types of armour.
You have supernaturally acute eyesight. (SInv)
You cover ground extremely quickly. (Speed+++)


Message History

The daeva hits you with a +5 eudemon blade of holy wrath!!
* * * LOW HITPOINT WARNING * * *
The daeva barely misses you.
You feel better.
Okay, then.
You aren't carrying any scrolls.
Aiming: Polymorph
Press: ? - help, Shift-Dir - straight line, f/p - daeva
Aim: a daeva, wielding a +5 eudemon blade of holy wrath and wearing a +0 tower shield (purple smoke, lightly wounded, very poisoned, haloed, will become an ophan, a holy swine, or an angel, chance to affect: 2%)
The daeva resists with almost no effort.
The daeva closely misses you. x2
Press: ? - help, v - describe, . - travel
Here: a daeva, wielding a +5 eudemon blade of holy wrath and wearing a +0 tower shield (purple smoke, lightly wounded, very poisoned, haloed)
An open door.
Aiming: Throw Flame
Press: ? - help, Shift-Dir - straight line, f/p - daeva
Aim: a daeva, wielding a +5 eudemon blade of holy wrath and wearing a +0 tower shield (purple smoke, lightly wounded, very poisoned, haloed, 82% to hit)
The daeva blocks the puff of flame.
The daeva closely misses you. x2
Aiming: Throw Flame
Press: ? - help, Shift-Dir - straight line, f/p - daeva
Aim: a daeva, wielding a +5 eudemon blade of holy wrath and wearing a +0 tower shield (purple smoke, moderately wounded, very poisoned, haloed, 82% to hit)
The daeva blocks the puff of flame.
Aiming: Throw Flame
Press: ? - help, Shift-Dir - straight line, f/p - daeva
Aim: a daeva, wielding a +5 eudemon blade of holy wrath and wearing a +0 tower shield (purple smoke, moderately wounded, very poisoned, haloed, 82% to hit)
The daeva blocks the puff of flame.
The daeva misses you. The daeva closely misses you.
Aiming: Throw Flame
Press: ? - help, Shift-Dir - straight line, f/p - daeva
Aim: a daeva, wielding a +5 eudemon blade of holy wrath and wearing a +0 tower shield (moderately wounded, very poisoned, haloed, 82% to hit)
The puff of flame hits the daeva!
The daeva is moderately wounded.
The daeva calls down the wrath of the Shining One upon you.
The Shining One smites you!
* * * LOW HITPOINT WARNING * * *
You feel better.
You feel better.
The daeva hits you with a +5 eudemon blade of holy wrath!!
You die...
Your body crumbles into a pile of gold.

################################*
.))..#.=#§§..§§§§§§.+..#..+§.§§#,
.#...##'#§####§§§.§##..'..#§§§§##
##...+..#§#)###§@.#######+#.§!.§#
§#####..+§#'#.###A#,,?##,,#§§§§§#
§#..##+####?..#.#.##$$$#,,##§§..#
.+..#○○○○○#...[.#.....$#,,~###+##
)#..#....○+.∩...##.#.#$#,,~,,#.##
###'###.°.#.....#..###$#,,~,##+#§
###.+.#°..###++##.##..$#,,~##§...
#)###.#..###..###.,*+###,,~#...§§
'.∩##.#..####..###,,,*,~,,##.§§.§


You could see a daeva (poisoned).

Vanquished Creatures
  A golden dragon (D)
  A shadow dragon (D)
  A lorocyproca (D)
  A hydra (D)
  2 centaur warriors (D)
  Sonja (D)
  A deep troll (D)
  A lindwurm (D)
  An oklob plant (D)
  8 shining eyes (D)
  A gargoyle (D)
  4 demonic crawlers (D)
  2 kobold demonologists (D)
  2 unseen horrors (D)
  A meliai (D)
  A hornet (D)
  A slime creature (D)
  Sigmund (D)
  13 hogs (D)
  A yak (D)
  2 redbacks (D)
  7 floating eyes (D)
  An ogre (D)
  7 necrophages (D)
  8 jellies (D)
  Ijyb (D)
  A ballistomycete spore (D)
72 creatures vanquished.

Vanquished Creatures (others)
  A ballistomycete spore (D)
1 creature vanquished.

Grand Total: 73 creatures vanquished

Notes
Turn   | Place    | Note
-------+----------+-------------------------------------------
     0 | D        | Heoruswealwe the Spriggan Artificer began the quest for the
                  | Orb.
     0 | D        | Reached XP level 1. HP: 9/9 MP: 2/2
     1 | D        | Noticed Ijyb
    17 | D        | Killed Ijyb
    18 | D        | Reached skill level 9 in Stealth
    18 | D        | Reached XP level 2. HP: 2/14 MP: 3/3
    75 | D        | Noticed an ogre
    78 | D        | Killed an ogre
    79 | D        | Reached skill level 13 in Stealth
    79 | D        | Reached XP level 3. HP: 17/17 MP: 4/4
    79 | D        | Reached XP level 4. HP: 21/21 MP: 5/5
    87 | D        | Noticed Sigmund
    90 | D        | Killed Sigmund
    91 | D        | Reached skill level 18 in Stealth
    91 | D        | Reached XP level 5. HP: 25/25 MP: 6/6
    91 | D        | Reached XP level 6. HP: 29/29 MP: 7/7
   103 | D        | Found an ornate altar of the Wu Jian Council.
   103 | D        | Found a shimmering blue altar of Sif Muna.
   105 | D        | Found a radiant altar of Vehumet.
   110 | D        | Reached skill level 19 in Stealth
   142 | D        | Found Bodoov's Antique Armour Emporium.
   142 | D        | Found an ancient bone altar of Kikubaaqudgha.
   142 | D        | Found a hazy altar of Hepliaklqana.
   142 | D        | Found a stormy altar of Qazlal.
   142 | D        | Found a hide-covered altar of Uskayaw.
   142 | D        | Found a blossoming altar of Fedhas.
   142 | D        | Found a bloodstained altar of Trog.
   142 | D        | Found an iron altar of Okawaru.
   142 | D        | Found a basalt altar of Yredelemnul.
   142 | D        | Found a glowing golden altar of the Shining One.
   142 | D        | Found a snail-covered altar of Cheibriados.
   142 | D        | Found a sacrificial altar of Ru.
   142 | D        | Found a glowing silver altar of Zin.
   142 | D        | Found a shadowy altar of Dithmenos.
   142 | D        | Found a white marble altar of Elyvilon.
   142 | D        | Noticed a yak
   182 | D        | Killed a yak
   183 | D        | Reached skill level 21 in Stealth
   207 | D        | Found an opulent altar of Gozag.
   208 | D        | Found a sparkling altar of Nemelex Xobeh.
   213 | D        | Became a worshipper of Zin the Law-Giver
   213 | D        | Reached * piety under Zin
   213 | D        | Reached ** piety under Zin
   213 | D        | Reached *** piety under Zin
   213 | D        | Reached **** piety under Zin
   213 | D        | Reached ***** piety under Zin
   213 | D        | Reached ****** piety under Zin
   222 | D        | Noticed Sonja
   226 | D        | Killed Sonja
   227 | D        | Reached skill level 25 in Stealth
   227 | D        | Reached XP level 7. HP: 32/32 MP: 8/8
   245 | D        | Found Gyediyss's Magic Scroll Boutique.
   255 | D        | Noticed a shining eye
   255 | D        | Noticed a shining eye
   255 | D        | Noticed a shining eye
   255 | D        | Noticed a shining eye
   255 | D        | Noticed a shining eye
   255 | D        | Noticed a shining eye
   258 | D        | Reached skill level 1 in Fighting
   258 | D        | Reached skill level 1 in Short Blades
   258 | D        | Reached XP level 8. HP: 37/37 MP: 9/9
   258 | D        | Noticed a shining eye
   258 | D        | Noticed a shining eye
   264 | D        | Reached skill level 5 in Evocations
   267 | D        | Reached skill level 5 in Dodging
   268 | D        | Killed a shining eye
   272 | D        | Killed a shining eye
   273 | D        | Reached skill level 5 in Short Blades
   273 | D        | Reached XP level 9. HP: 45/45 MP: 10/10
   279 | D        | Killed a shining eye
   280 | D        | Reached skill level 26 in Stealth
   314 | D        | Killed a shining eye
   315 | D        | Reached skill level 5 in Fighting
   334 | D        | Killed a shining eye
   353 | D        | Killed a shining eye
   354 | D        | Reached skill level 10 in Evocations
   380 | D        | Killed a shining eye
   381 | D        | Reached skill level 10 in Dodging
   381 | D        | Reached XP level 10. HP: 53/53 MP: 11/11
   408 | D        | Killed a shining eye
   429 | D        | Fell from the grace of Zin
   429 | D        | Became a worshipper of Gozag Ym Sagoz the Greedy
   457 | D        | Found Memas's Distillery.
   457 | D        | Found Asuchuis's Book Emporium.
   457 | D        | Found Doimaxoc's General Store.
   458 | D        | Found Cumawaro's Distillery.
   470 | D        | Bought a +1 rapier of venom for 153 gold pieces
   593 | D        | Noticed a deep troll
   597 | D        | Killed a deep troll
   598 | D        | Reached skill level 27 in Stealth
   610 | D        | Found Tirutaga's Armour Emporium.
   645 | D        | Found a burning altar of Makhleb.
   645 | D        | Found a viscous altar of Jiyva.
   645 | D        | Found a shimmering altar of Xom.
   645 | D        | Found a corrupted altar of Lugonu.
   704 | D        | Noticed a centaur warrior
   705 | D        | Noticed a centaur warrior
   708 | D        | Killed a centaur warrior
   710 | D        | Killed a centaur warrior
   742 | D        | Reached skill level 10 in Short Blades
   754 | D        | Noticed an oklob plant
   756 | D        | Killed an oklob plant
   774 | D        | Reached XP level 11. HP: 60/60 MP: 12/12
   854 | D        | Reached skill level 15 in Evocations
   939 | D        | Identified the +1 ring mail "Lucvupeo" {Will+}
   967 | D        | Found Hiusu Jupri's Book Shoppe.
   967 | D        | Found Raodditad's Jewellery Shop.
   967 | D        | Found Garhed's Antique Armour Boutique.
   973 | D        | Found Enlerhin's Jewellery Boutique.
   973 | D        | Found Gaoqiurgh's Weapon Emporium.
   973 | D        | Found Hizep's Armour Emporium.
   975 | D        | Found Tytworedulu's Armour Boutique.
   975 | D        | Found Gythrudde's General Store.
   975 | D        | Found Ogees's Antique Armour Shop.
   975 | D        | Found Nugguv's Assorted Antiques.
   975 | D        | Found Calill's Antique Weapon Boutique.
   975 | D        | Found Aqoucy's Armour Shoppe.
   975 | D        | Found Ekaghou's Book Shop.
   979 | D        | Found Heleamuy's Assorted Antiques.
   981 | D        | Bought a manual of Dodging for 880 gold pieces
   983 | D        | Bought a scroll labelled RAQETOMAGI for 24 gold pieces
   983 | D        | Bought a scroll labelled RAQETOMAGI for 24 gold pieces
   983 | D        | Bought a scroll labelled RAQETOMAGI for 24 gold pieces
   983 | D        | Bought a fizzy golden potion for 21 gold pieces
   983 | D        | Bought a scroll labelled NOR LINYHYROUL for 24 gold pieces
   984 | D        | Bought a glowing rapier for 154 gold pieces
   987 | D        | Bought a scroll labelled VEX NOL NYENEEBY for 30 gold
                  | pieces
   987 | D        | Bought a scroll labelled MIFICZ LALIN for 30 gold pieces
   987 | D        | Bought a bubbling yellow potion for 27 gold pieces
   987 | D        | Bought a dark potion for 27 gold pieces
   987 | D        | Bought a shiny marble ring for 150 gold pieces
   987 | D        | Bought a green potion for 27 gold pieces
  1009 | D        | Bought +0 steam dragon scales for 400 gold pieces
  1052 | D        | Bought a scroll of magic mapping for 82 gold pieces
  1052 | D        | Bought a scroll of identify for 22 gold pieces
  1052 | D        | Bought a scroll of enchant weapon for 82 gold pieces
  1052 | D        | Bought a scroll of identify for 22 gold pieces
  1052 | D        | Bought a scroll of identify for 22 gold pieces
  1105 | D        | Bought a scroll of identify for 22 gold pieces
  1105 | D        | Bought a scroll of identify for 22 gold pieces
  1161 | D        | Bought a scroll of amnesia for 44 gold pieces
  1177 | D        | Bought a potion of cancellation for 80 gold pieces
  1177 | D        | Bought a potion of might for 40 gold pieces
  1177 | D        | Bought a potion of curing for 30 gold pieces
  1177 | D        | Bought a potion of haste for 100 gold pieces
  1177 | D        | Bought a potion of haste for 100 gold pieces
  1177 | D        | Bought 2 potions of lignification for 60 gold pieces
  1207 | D        | Bought a scroll of enchant weapon for 97 gold pieces
  1207 | D        | Bought a potion of curing for 39 gold pieces
  1207 | D        | Bought a scroll of enchant weapon for 97 gold pieces
  1207 | D        | Bought a potion of attraction for 39 gold pieces
  1209 | D        | Bought a potion of curing for 39 gold pieces
  1209 | D        | Bought a potion of heal wounds for 65 gold pieces
  1209 | D        | Bought 2 potions of curing for 78 gold pieces
  1209 | D        | Bought a potion of heal wounds for 65 gold pieces
  1213 | D        | Bought a potion of degeneration for 13 gold pieces
  1311 | D        | Bought 3 potions of brilliance for 156 gold pieces
  1412 | D        | Noticed a lindwurm
  1416 | D        | Killed a lindwurm
  1463 | D        | Reached skill level 15 in Dodging
  1529 | D        | Noticed a 12-headed hydra
  1531 | D        | Killed a 12-headed hydra
  1601 | D        | Noticed a shadow dragon
  1601 | D        | Noticed a golden dragon
  1607 | D        | Killed a golden dragon
  1608 | D        | Killed a shadow dragon
  1609 | D        | Reached skill level 10 in Fighting
  1609 | D        | Reached XP level 12. HP: 67/67 MP: 13/13
  1621 | D        | Identified the +0 falchion "Afickuig" {drain, rPois Str+3
                  | Int+2 Stlth+}
  1681 | D        | Found Reamucwat's Distillery.
  1700 | D        | Bought a potion of curing for 36 gold pieces
  1700 | D        | Bought a potion of mutation for 96 gold pieces
  1700 | D        | Bought a potion of heal wounds for 60 gold pieces
  1796 | D        | Bought the ring "Copraruu" {rN+ Str+4 Int+3} for 542 gold
                  | pieces
  1836 | D        | Bought a potion of heal wounds for 55 gold pieces
  1836 | D        | Bought a potion of might for 44 gold pieces
  1838 | D        | Bought a potion of haste for 240 gold pieces
  1844 | D        | Bought a manual of Ranged Weapons for 880 gold pieces
  1863 | D        | Bought a ring of flight for 210 gold pieces
  1863 | D        | Bought an amulet of the acrobat for 360 gold pieces
  1863 | D        | Bought a ring of protection from fire for 300 gold pieces
  1873 | D        | Bought a ring of poison resistance for 280 gold pieces
  1971 | D        | Noticed a lorocyproca
  1977 | D        | Killed a lorocyproca
  2226 | D        | Bought a twisted ivory wand for 96 gold pieces
  2226 | D        | Bought an ancient robe for 136 gold pieces
  2226 | D        | Identified the +0 robe of Dishonesty {rF+ rC++} (You bought
                  | it in a shop in the Dungeon)
  2226 | D        | Bought a potion of curing for 72 gold pieces
  2226 | D        | Bought a potion of heal wounds for 120 gold pieces
  2226 | D        | Bought a potion of haste for 240 gold pieces
  2226 | D        | Bought a scroll of identify for 48 gold pieces
  2270 | D        | Noticed a daeva
  2307 | D        | Slain by a daeva

Illustrated notes

Levels and vault maps discovered:
D:        dungeon_sprint_1 [red_sonja_temple_1, red_sonja_temple_small_1]

Skill      XL: |  1  2  3  4  5  6  7  8  9 10 11 12 |
---------------+-------------------------------------+-----
Stealth        | 9 13 18 25 26 27 | 27.0
Fighting       | 1 4 6 7 10 | 10.3
Short Blades   | 1 5 7 10 13 | 13.2
Dodging        | 7 10 12 17 18 | 18.2
Evocations     | 7 10 14 19 | 19.6

Action                     |  1- 3 |  4- 6 |  7- 9 | 10-12 || total
---------------------------+-------+-------+-------+-------++-------
  Melee: Club              |    14 |       |       |       ||    14
         Dagger            |     1 |     3 |    88 |    19 ||   111
         Punch             |       |       |     3 |     5 ||     8
         Rapier            |       |       |       |   216 ||   216
 Invoke: Call Merchant     |       |       |       |     1 ||     1
  Evoke: Wand              |     1 |     4 |       |    24 ||    29
    Use: Potion            |     2 |       |       |    13 ||    15
         Scroll            |       |       |       |    16 ||    16
   Stab: Sleeping          |     1 |     3 |     7 |    24 ||    35
         Distracted        |       |       |       |     1 ||     1
 Armour: Robe              |     1 |       |       |     4 ||     5
         Steam dragon scal |       |       |       |     4 ||     4
  Dodge: Dodged            |     5 |     1 |       |   151 ||   157
